 Dungeon Crawl Stone Soup version 0.28.0 (webtiles) character file.

Game seed: 18415795795538996185

210 Nothus the Merchant of Misery (level 5, -1/28 HPs)
             Began as a Vampire Necromancer on Feb 27, 2022.
             Was a Believer of Kikubaaqudgha.
             Slain by a wyvern zombie (12 damage)
             ... on level 4 of the Dungeon.
             The game lasted 00:11:46 (2782 turns).

Nothus the Merchant of Misery (Vampire Necromancer) Turns: 2782, Time: 00:11:46

Health: -1/28      AC:  4    Str: 11    XL:     5   Next: 57%
Magic:  8/8        EV: 12    Int: 18    God:    Kikubaaqudgha [**....]
Gold:   163        SH:  0    Dex: 16    Spells: 3/8 levels left

rFire   . . .      SeeInvis +   b - +0 short sword
rCold   + + .      Faith    .   (no shield)
rNeg    + + +      Spirit   .   n - +1 robe "Iwybleoq" {rPois Str+4 SInv}
rPois   ∞          Reflect  .   (no helmet)
rElec   .          Harm     .   (no cloak)
rCorr   .          Rampage  .   (no gloves)
Will    .....                   c - +0 pair of boots
Stlth   +++++.....              d - amulet of the acrobat
HPRegen 0.00/turn               (no ring)
MPRegen 0.11/turn               (no ring)

@: bloodless, inhibited regen
A: bloodless, fangs 3, see invisible, vampiric 2
a: Bat Form, Revivify, Renounce Religion, Receive Corpses


You were on level 4 of the Dungeon.
You worshipped Kikubaaqudgha.
Kikubaaqudgha was pleased with you.
You visited 1 branch of the dungeon, and saw 4 of its levels.

You collected 163 gold pieces.

Inventory:

Hand Weapons
 b - a +0 short sword (weapon)
 e - a +0 dagger
Armour
 c - a +0 pair of boots (worn)
 h - a +0 leather armour
 n - the +1 robe "Iwybleoq" (worn) {rPois Str+4 SInv}
   (You found it on level 4 of the Dungeon)

   Str:       It affects your strength (+4).
   rPois:     It protects you from poison.
   SInv:      It lets you see invisible.
Jewellery
 d - an amulet of the acrobat (around neck)
Scrolls
 f - 2 scrolls of fog {unknown}
 g - a scroll of teleportation {unknown}
 k - a scroll of noise {unknown}
Potions
 a - a potion of curing
 i - a potion of lignification {unknown}
 j - 2 potions of resistance
 l - a potion of berserk rage {unknown}
 m - a potion of heal wounds {unknown}


   Skills:
 - Level 2.1 Dodging
 - Level 6.0 Stealth
 - Level 2.0 Spellcasting
 + Level 6.6 Necromancy


You had 3 spell levels left.
You knew the following spells:

 Your Spells              Type           Power      Damage    Failure   Level
a - Pain                  Necr           100%       1d9       1%          1
b - Animate Skeleton      Necr           50%        N/A       1%          1
c - Vampiric Draining     Necr           25%        2d7       3%          3

Your spell library contained the following spells:

 Spells                   Type           Power      Damage    Failure   Level
 Sublimation of Blood     Necr           25%        N/A       1%          2
 Corpse Rot               Necr/Air       26%        N/A       7%          2
 Poisonous Vapours        Pois/Air       2%         N/A       26%         2
 Animate Dead             Necr           12%        N/A       12%         4
 Agony                    Necr           25%        N/A       32%         5
 Passage of Golubria      Tloc           1%         N/A       87%         4
 Silence                  Hex/Air        0%         N/A       99%         5
 Lehudib's Crystal Spear  Conj/Erth      0%         10d2      100%        8


Dungeon Overview and Level Annotations

Branches:
Dungeon (4/15)
 Temple: D:4-7

Altars:
Kikubaaqudgha


Innate Abilities, Weirdness & Mutations

You do not regenerate when monsters are visible.
You are frail without blood (-20% HP).
You can heal yourself when you bite living creatures.
You are immune to poison.
You have razor-sharp teeth.
You have supernaturally acute eyesight. (SInv)
You are afflicted with vampirism and can become a bat while bloodless.


Message History

a +0 short sword; a stone A hobgoblin comes into view.
Found 16 sling bullets.
Found a stone staircase leading down.
The helpless hobgoblin fails to defend itself.
You bite the hobgoblin, and draw its blood!
You puncture the hobgoblin!
You kill the hobgoblin!
Kikubaaqudgha accepts your kill.
Found a scroll of identify.
o - a scroll of identify A wyvern zombie comes into view.
As you read the scroll of identify, it crumbles to dust.
j - 2 potions of resistance The helpless wyvern zombie fails to defend itself.
You puncture the wyvern zombie! You bite the wyvern zombie.
The wyvern zombie is heavily damaged.
The wyvern zombie bites you.
You hit the wyvern zombie.
The wyvern zombie is heavily damaged.
The wyvern zombie barely misses you. The wyvern zombie closely misses you.
Casting: Pain (safe; 1% risk of failure)
Confirm with . or Enter, or press ? or * to list all spells.
Okay, then.
You hit the wyvern zombie but do no damage.
You bite the wyvern zombie.
The wyvern zombie is heavily damaged.
The wyvern zombie bites you!
Ouch! That really hurt!
You hit the wyvern zombie.
The wyvern zombie is severely damaged.
The wyvern zombie closely misses you. The wyvern zombie barely misses you.
You hit the wyvern zombie.
The wyvern zombie is severely damaged.
The wyvern zombie bites you.
You barely miss the wyvern zombie.
The wyvern zombie is severely damaged.
The wyvern zombie bites you!
You die...
Kikubaaqudgha rasps: "You have failed me!
Welcome... oblivion!"

##..............)...#
##....####.....####..##
#..... ##....# ##..#
.....## #...### ###..
#....# ##.###.###.###
#...###.............
#.......##.###.###.#
#.....#.#...........
#.Z@..#...##.###.##.
#.....##.#.#.......#.
#......#..#...##.##...
......#..##.#.#.#...#.#.
##...##..##...#...#...#.
##.. #...#.#.#.#...#.#.
#.. #.....#...##.##...
... ....#.#.#.......#.
#..(#...##.###.##.


You could see a wyvern zombie.

Vanquished Creatures
  An ogre (D:4)
  A howler monkey (D:4)
  2 adders
  3 dart slugs
  5 orcs
  3 bats
  3 endoplasms
  A giant cockroach (D:2)
  5 goblins
  8 hobgoblins
  5 kobolds
  3 quokkas
  11 ball pythons
  2 frilled lizards
  6 rats
  A spectral hobgoblin (D:2)
60 creatures vanquished.

Vanquished Creatures (collateral kills)
  An orc (D:3)
  2 bats
3 creatures vanquished.

Grand Total: 63 creatures vanquished

Notes
Turn   | Place    | Note
-------+----------+-------------------------------------------
     0 | D:1      | Nothus the Vampire Necromancer began the quest for the Orb.
     0 | D:1      | Reached XP level 1. HP: 13/13 MP: 3/3
   228 | D:1      | Reached XP level 2. HP: 12/19 MP: 5/5
   460 | D:1      | Learned a level 1 spell: Animate Skeleton
  1181 | D:2      | Reached skill level 5 in Necromancy
  1181 | D:2      | Gained mutation: You are afflicted with vampirism and can
                  | become a bat while bloodless. [Vampire growth]
  1181 | D:2      | Reached XP level 3. HP: 19/19 MP: 4/6
  1325 | D:2      | Found a faded altar of an unknown god.
  1349 | D:2      | Prayed at the altar of an unknown god.
  1349 | D:2      | Became a worshipper of Kikubaaqudgha
  1349 | D:2      | Reached * piety under Kikubaaqudgha
  1349 | D:2      | Received a gift from Kikubaaqudgha
  1821 | D:3      | Reached skill level 5 in Stealth
  2090 | D:3      | Learned a level 3 spell: Vampiric Draining
  2120 | D:3      | Reached ** piety under Kikubaaqudgha
  2132 | D:3      | Reached XP level 4. HP: 17/24 MP: 2/7
  2724 | D:4      | Identified the +1 robe "Iwybleoq" {rPois Str+4 SInv}
  2724 | D:4      | Noticed an ogre
  2741 | D:4      | Killed an ogre
  2742 | D:4      | Reached XP level 5. HP: 28/28 MP: 8/8
  2782 | D:4      | Slain by a wyvern zombie

Illustrated notes

Levels and vault maps discovered:
D:1:      zelgadis_glass_arrival_small, layout_basic, minmay_tree_intersection
D:2:      layout_rooms, dreamdust_ecumenical_altar_drowned_temple
D:3:      minmay_spotlight, layout_basic
D:4:      layout_layer_cave, serial_shops, nicolae_shop_behind_doors,
          nicolae_concentric_dashed_squares_wild, uniq_pikel, uniq_grinder,
          uniq_ijyb

Skill      XL: |  1  2  3  4 |
---------------+-------------+-----
Stealth        | 4 5 6 |  6.0
Necromancy     | 5 6 |  6.6
Dodging        | |  2.1
Spellcasting   | |  2.0

Action                   |  1- 3 |  4- 6 || total
-------------------------+-------+-------++-------
Melee: Short sword       |    38 |    25 ||    63
       Unarmed           |     8 |       ||     8
       Bite              |     6 |     4 ||    10
       Dagger            |    30 |       ||    30
 Cast: Pain              |    28 |     6 ||    34
       Animate Skeleton  |     5 |       ||     5
 Abil: Exsanguinate      |     1 |       ||     1
  Use: Scroll            |     2 |     1 ||     3
 Stab: Sleeping          |    25 |     8 ||    33
       Distracted        |     1 |       ||     1
Armor: Robe              |    23 |       ||    23
       Leather armour    |     7 |     2 ||     9
Dodge: Dodged            |    55 |    11 ||    66
